 Dungeon Crawl Stone Soup version 0.24.0-123-gd5b16e6ec5 (webtiles) character file.

Game seed: 11517272046810811315, levelgen mode: deterministic

154 FishyPogo the Firebug (level 5, -3/30 HPs)
             Began as a Deep Elf Fire Elementalist on Feb 9, 2020.
             Slain by an orc
             ... wielding a +0 flail
              (5 damage)
             ... on level 3 of the Dungeon.
             The game lasted 00:09:11 (2738 turns).

FishyPogo the Firebug (Deep Elf Fire Elementalist)  Turns: 2738, Time: 00:09:11

Health: -3/30      AC:  3    Str:  5    XL:     5   Next: 13%
Magic:  1/11       EV: 13    Int: 21    God:
Gold:   103        SH:  0    Dex: 15    Spells: 4/10 levels left

rFire    . . .     SeeInvis .   d - +0 dagger
rCold    . . .     Gourm    .   (no shield)
rNeg     . . .     Faith    .   a - +0 robe
rPois    +         Spirit   .   (no helmet)
rElec    .         Reflect  .   (no cloak)
rCorr    .         Harm     .   o - +0 pair of gloves
MR       .....                  (no boots)
Stlth    ++........             (no amulet)
HPRegen  0.10/turn              i - ring of poison resistance
MPRegen  0.12/turn              (no ring)

@: no status effects
A: no striking features
a: no special abilities


You were on level 3 of the Dungeon.
You were not hungry.

You visited 1 branch of the dungeon, and saw 3 of its levels.

You collected 103 gold pieces.

Inventory:

Hand Weapons
 d - a +0 dagger (weapon)
Missiles
 f - 109 stones (quivered)
 r - 8 boomerangs
 s - 4 javelins
Armour
 a - a +0 robe (worn)
 o - a +0 pair of gloves (worn)
Jewellery
 i - a ring of poison resistance (left hand)
Scrolls
 b - a scroll of fear {unknown}
 e - a scroll of random uselessness {unknown}
 g - a scroll of immolation {unknown}
 j - 5 scrolls of identify {unknown}
 l - a scroll of remove curse {unknown}
 m - 2 scrolls of blinking {unknown}
 t - a scroll of magic mapping {unknown}
 u - a scroll of teleportation {unknown}
 v - a scroll of enchant armour {unknown}
Potions
 k - 3 potions of agility {unknown}
 n - a potion of heal wounds {unknown}
 p - a potion of might {unknown}
 q - 2 potions of curing
Comestibles
 c - 9 rations
 h - 2 chunks of flesh


   Skills:
 + Level 1.9 Fighting
 * Level 3.2 Short Blades
 + Level 0.7 Armour
 - Level 3.0 Dodging
 - Level 3.0 Stealth
 - Level 3.0 Spellcasting
 - Level 1.1 Conjurations
 - Level 3.2 Fire Magic


You had 4 spell levels left.
You knew the following spells:

 Your Spells              Type           Power        Failure   Level  Hunger
a - Flame Tongue          Conj/Fire      ##...        5%          1    None
b - Throw Flame           Conj/Fire      ##....       9%          2    ##.....
j - Conjure Flame         Conj/Fire      ##......     16%         3    ###....

Your spell library contained the following spells:

 Spells                   Type           Power        Failure   Level  Hunger
 Inner Flame              Hex/Fire       ##......     21%         3    ###....
 Sticky Flame             Conj/Fire      ##......     47%         4    ####...
 Fireball                 Conj/Fire      ##........   83%         5    ######.


Dungeon Overview and Level Annotations

Branches:
Dungeon (3/15)

Altars:
Cheibriados
Dithmenos
Elyvilon
Hepliaklqana

Annotations:
D:3 1 runed translucent door, Crazy Yiuf


Message History

The orc priest is lightly wounded.
The orc misses you.
You barely miss the orc priest.
The orc priest is lightly wounded.
The orc priest hits you with a +0 hand axe.
The orc hits you with a +0 flail.
You barely miss the orc priest.
The orc priest is lightly wounded.
The orc priest barely misses you.
You barely miss the orc priest.
The orc priest is lightly wounded.
The orc hits you with a +0 flail.
* * * LOW HITPOINT WARNING * * *
The orc priest hits you with a +0 hand axe!
* * * LOW HITPOINT WARNING * * *
Some of the chunks of flesh in your inventory have rotted away.
You barely miss the orc priest.
The orc priest is lightly wounded.
The orc hits you with a +0 flail.
You die...

..)#.#....#.# ####.#
####.#....#.###..#.#
###'#....'........#
#....# ..#.#..P...#
#....#...#.#..P♣..#
##)...#...#...♣♣..##
.'.............P..##
##..........!....o.#
.'...........#..@o)#
##...........#####.#
............. o#
............. ##
######...<... ......
.... #.. .


You could see an orc priest and an orc.

Vanquished Creatures
  An orc priest (D:3)
  Jessica (D:2)
  An adder (D:2)
  2 worms
  A dart slug (D:3)
  A leopard gecko (D:1)
  2 orcs (D:3)
  8 bats
  9 goblins
  7 hobgoblins
  12 jackals
  11 kobolds
  2 quokkas (D:2)
  A ball python (D:2)
  5 frilled lizards
  9 rats
73 creatures vanquished.

Notes
Turn   | Place    | Note
-------+----------+-------------------------------------------
     0 | D:1      | FishyPogo the Deep Elf Fire Elementalist began the quest
                  | for the Orb.
     0 | D:1      | Reached XP level 1. HP: 10/10 MP: 6/6
   352 | D:1      | Reached XP level 2. HP: 16/16 MP: 6/8
   399 | D:1      | Learned a level 2 spell: Throw Flame
   658 | D:1      | Reached skill level 1 in Short Blades
  1022 | D:1      | Reached XP level 3. HP: 12/20 MP: 3/9
  1028 | D:1      | Learned a level 3 spell: Conjure Flame
  1117 | D:1      | Reached skill level 1 in Fighting
  1357 | D:2      | Noticed Jessica
  1358 | D:2      | Killed Jessica
  1441 | D:2      | Reached XP level 4. HP: 25/25 MP: 1/10
  1700 | D:2      | Found a shadowy altar of Dithmenos.
  1852 | D:2      | You fall into a shaft and drop 1 floor!
  1863 | D:3      | Found a snail-covered altar of Cheibriados.
  1887 | D:3      | Found a hazy altar of Hepliaklqana.
  2426 | D:3      | Found a white marble altar of Elyvilon.
  2643 | D:3      | Found a runed translucent door.
  2644 | D:3      | Noticed Crazy Yiuf
  2718 | D:3      | Reached XP level 5. HP: 30/30 MP: 7/11
  2738 | D:3      | Slain by an orc

Levels and vault maps discovered:
D:1:      tarquinn_simple_flora_water_e, layout_basic
D:2:      layout_rooms, marbit_many_paths, uniq_jessica
D:3:      layout_basic, overflow_temple_1_default,
          nicolae_overflow_hidden_temple, nicolae_overflow_crystal_walls,
          st_stairs_3, serial_park_tiny_2, uniq_grinder, uniq_crazy_yiuf_cottage

Skill      XL: |  1  2  3  4 |
---------------+-------------+-----
Stealth        | 3 |  3.0
Short Blades   | 1 2 3 |  3.2
Dodging        | 3 |  3.0
Fighting       | 1 |  1.9
Armour         | |  0.7
Spellcasting   | |  3.0
Conjurations   | |  1.1
Fire Magic     | |  3.2

Action                   |  1- 3 |  4- 6 || total
-------------------------+-------+-------++-------
Melee: Unarmed           |     8 |       ||     8
       Dagger            |    37 |    32 ||    69
 Cast: Flame Tongue      |    49 |    48 ||    97
       Throw Flame       |    10 |    22 ||    32
  Use: Potion            |     1 |       ||     1
 Stab: Sleeping          |     1 |       ||     1
  Eat: Chunk             |     2 |     5 ||     7
Armor: Robe              |    11 |     7 ||    18
Dodge: Dodged            |    50 |    29 ||    79
